 Dungeon Crawl Stone Soup version 0.31-a0-818-ge7c7cf74f0 (webtiles) character file.

Game seed: 8305429553186572604

110 lunkers the Insei (level 5, -1/40 HPs)
             Began as a Meteoran Shapeshifter on Sept 22, 2023.
             Slain by an orc wizard
             ... wielding a +0 dagger
              (2 damage)
             ... on level 3 of the Dungeon.
             The game lasted 00:02:34 (1424 turns).

lunkers the Insei (Meteoran Shapeshifter)           Turns: 1424, Time: 00:02:35

Health: -1/40      AC:  5    Str: 15    XL:     5   Next: 38%
Magic:  6/6        EV: 11    Int: 11    God:
Gold:   35         SH:  0    Dex: 16    Spells: 4/4 levels left

rFire   . .          .
                       - Unarmed
rCold   . . .        (no shield)
rNeg    . . .        i - +0 ring mail
rPois   .            (helmet currently unavailable)
rElec   .            (cloak currently unavailable)
rCorr   .            (gloves currently unavailable)
SInv    .            (boots currently unavailable)
Will    .....        (no amulet)
Stlth   +            (no ring)
HPRegen 0.26/turn    (no ring)
MPRegen 0.10/turn

%: no passive effects
@: beast-form, glowing
A: beast (slay +2), sense surroundings 1, otherworldly, glowing, explore regen
a: Begin Untransformation


You were on level 3 of the Dungeon.
You were a hulking beast.
You visited 1 branch of the dungeon, and saw 4 of its levels.

You collected 35 gold pieces.

Inventory:

Armour
 a - a +0 animal skin
 g - a +0 pair of boots
 i - a +0 ring mail (worn)
 k - the +4 ring mail of Filigreed Birdsong {rPois Str+2 Slay-3}
   (You found it on level 2 of the Dungeon)

   Str+2:     It affects your strength (+2).
   Slay-3:    It affects your accuracy & damage with ranged weapons and melee
   (-3).
   rPois:     It protects you from poison
 r - a +0 pair of boots
Talismans
 c - a beast talisman (active)
 d - a flux talisman
 n - a blade talisman
Scrolls
 e - 7 scrolls of identify {unknown}
 l - a scroll of teleportation {unknown}
 m - a scroll of noise {unknown}
 s - a scroll of amnesia {unknown}
Potions
 b - a potion of lignification
 f - 2 potions of degeneration {unknown}
 h - a potion of curing {unknown}
 j - a potion of haste {unknown}
 o - a potion of brilliance {unknown}
 p - a potion of might {unknown}
 q - a potion of enlightenment {unknown}
 t - a potion of heal wounds {unknown}


   Skills:
 - Level 1.1 Fighting
 - Level 2.1 Dodging
 * Level 5.7 Unarmed Combat
 + Level 4.6 Shapeshifting


You had 4 spell levels left.
You didn't know any spells.
Your spell library contained the following spells:

 Spells                   Type           Power      Damage    Failure   Level
 Magic Dart               Conj           0%         1d3       56%         1
 Call Imp                 Summ           0%         N/A       71%         2
 Mephitic Cloud           Conj/Pois/Air  0%         N/A       91%         3


Dungeon Overview and Level Annotations

Branches:
Dungeon (4/15) Zot: 983
 Temple: D:4-7

Altars:

Annotations:
D:3 2 transporters, Age's ghost, weakling MiFi


Innate Abilities, Weirdness & Mutations

You are a hulking beast.
Your limbs bulge with bestial killing power. (Slay +2)
You passively map a small area around you.
You are easily found by Zot.
You glow in the dark.
You regain HP and MP as you explore.


Message History

You see here a frilled lizard corpse.
You open the door.
An orc, an orc priest and an orc wizard come into view.
The orc shouts!
The orc wizard shouts!
There is an open door here.
You hit the orc wizard but do no damage.
You closely miss the orc priest.
The orc wizard gestures at you while chanting.
The puff of flame hits you.
* * * LOW HITPOINT WARNING * * *
The orc priest hits you but does no damage.
You punch the orc priest!
The orc priest is heavily wounded.
Unknown command.
You punch the orc priest!
You kill the orc priest!
The orc wizard hits you with a +0 dagger.
* * * LOW HITPOINT WARNING * * *
You hit the orc wizard but do no damage.
The orc wizard hits you but does no damage.
The orc hits you with a +0 war axe.
* * * LOW HITPOINT WARNING * * *
You hit the orc wizard.
The orc wizard is heavily wounded.
The orc wizard points at you and mumbles some strange words.
The magic dart hits you!
* * * LOW HITPOINT WARNING * * *
The orc closely misses you.
You closely miss the orc wizard.
The orc wizard is heavily wounded.
The orc wizard misses you. The orc misses you.
You barely miss the orc wizard.
The orc wizard is heavily wounded.
The orc wizard hits you but does no damage.
The orc hits you with a +0 war axe.
* * * LOW HITPOINT WARNING * * *
You hit the orc wizard.
The orc wizard is severely wounded.
The orc wizard hits you with a +0 dagger.
You die...

........#############
*+######.#O.WO$$....©#
#≈≈≈≈#..#.#..#.#..#.#
#≈...##.#..##...##..#
#≈..o##.#..##...# ..#
#≈.oo#..#.#..#.#..#.#
#≈...##.#.....©.....#
#####o#.###### * ##
#...ho..#....##. #...
####.###.....##.##.#.
#.# ##...###.##.#. #.#
#..####.##.#. #.#
#........#.## #.##
##.......#.##
###..####.......#...
#.......#...........
#.##.##.#.......###.


You could see an orc wizard and an orc.

Vanquished Creatures
  An orc priest (D:3)
  A hound (D:3)
  3 dart slugs
  An orc (D:3)
  5 endoplasms (D:1)
  4 giant cockroaches
  3 goblins
  3 hobgoblins
  3 jackals (D:2)
  3 quokkas (D:1)
  A ball python (D:2)
  2 bats
  5 frilled lizards
  5 kobolds
  2 rats
42 creatures vanquished.

Notes
Turn   | Place    | Note
-------+----------+-------------------------------------------
     0 | D:1      | lunkers the Meteoran Shapeshifter began the quest for the
                  | Orb.
     0 | D:1      | Reached XP level 1. HP: 16/16 MP: 2/2
   114 | D:1      | Reached XP level 2. HP: 21/23 MP: 3/3
   127 | D:1      | Reached skill level 4 in Unarmed Combat
   288 | D:1      | Reached XP level 3. HP: 28/28 MP: 4/4
   674 | D:2      | Identified the +4 ring mail of Filigreed Birdsong {rPois
                  | Str+2 Slay-3}
   948 | D:2      | Reached XP level 4. HP: 35/35 MP: 5/5
  1133 | D:3      | Noticed an ogre
  1134 | D:3      | Found a transporter.
  1134 | D:3      | Noticed Age's ghost (weakling MiFi)
  1134 | D:3      | Noticed an ogre
  1135 | D:3      | Found a transporter.
  1136 | D:3      | Identified the +0 dire flail of Okawaru's Fury {drain,
                  | rPois rN+ Str+4}
  1136 | D:3      | Noticed an ogre
  1164 | D:3      | Found a faded altar of an unknown god.
  1294 | D:3      | Reached skill level 5 in Unarmed Combat
  1379 | D:4      | Noticed a scorpion
  1393 | D:3      | Reached XP level 5. HP: 8/40 MP: 6/6
  1423 | D:3      | HP: 1/40 [orc/+0 war axe (2)]
  1424 | D:3      | Slain by an orc wizard

Illustrated notes

Levels and vault maps discovered:
D:1:      evilmike_arrival_hilbert_curve, layout_loops_ring
D:2:      layout_basic, serial_forest, infiniplex_forest_lined_3_way,
          infiniplex_forest_fountain, infiniplex_forest_3_way,
          infiniplex_forest_end_3, infiniplex_forest_lined_room_3, st_stairs_7,
          minmay_tromino_v4_b, uniq_crazy_yiuf_cottage, uniq_natasha
D:3:      layout_loops_cross, serial_rivers, chequers_serial_rivers_small_3,
          chequers_serial_rivers_room_a, chequers_serial_rivers_micro_c,
          chequers_serial_rivers_small_3, chequers_serial_rivers_room_b,
          hellmonk_ecumenical_altar_run_dry, gammafunk_ghost_smash,
          minmay_checkerbox
D:4:      layout_cave_pools, uniq_sigmund

Skill      XL: |  1  2  3  4 |
---------------+-------------+-----
Unarmed Combat | 4 5 |  5.7
Shapeshifting  | 4 |  4.6
Fighting       | |  1.1
Dodging        | |  2.1

Action                     |  1- 3 |  4- 6 || total
---------------------------+-------+-------++-------
  Melee: Unarmed           |    86 |    36 ||   122
         Punch             |     1 |     1 ||     2
 Armour: Animal skin       |    14 |       ||    14
         Ring mail         |    29 |    33 ||    62
  Dodge: Dodged            |    47 |    12 ||    59

Table legend: (Time is in decaauts)
 A = Elapsed time spent in this place.
 B = Non-inter-level travel time spent in this place.
 C = Inter-level travel time spent in this place.
 D = Time resting spent in this place.
 E = Time spent auto-exploring this place.
 F = Levels seen in this place.
 G = Mean time per level.
                   A        B        C        D        E       F      G
               +--------+--------+--------+--------+--------+-----+--------+
         Total |   1415 |   1300 |    115 |      0 |    937 |   4 |  353.8 |
       Dungeon |   1415 |   1300 |    115 |      0 |    937 |   4 |  353.8 |
               +--------+--------+--------+--------+--------+-----+--------+

Top non-repeatable levels by time:
     D:2: 611 daAuts
     D:1: 457 daAuts
     D:3: 329 daAuts
     D:4: 17 daAuts
